 Dungeon Crawl Stone Soup version 0.30-b1-2-g02819fbbbe (webtiles) character file.

Game seed: 2071161001426167911

576 ElMinstaer the Cudgeller (level 7, 0/106 HPs)
             Began as a Troll Berserker on May 20, 2023.
             Was a Believer of Trog.
             Slain by Pikel
             ... wielding a +2 whip of freezing
              (8 damage)
             ... on level 4 of the Dungeon.
             The game lasted 00:10:02 (2503 turns).

ElMinstaer the Cudgeller (Troll Berserker)          Turns: 2503, Time: 00:10:03

Health: 0/106      AC:  5    Str: 28    XL:     7   Next: 13%
Magic:  6/6        EV: 10    Int:  3    God:    Trog [**....]
Gold:   122        SH:  0    Dex:  9    Spells: 6/6 levels left

rFire   . . .        a - +0 mace
rCold   . . .        (no shield)
rNeg    . . .        p - +1 robe "Awothos" {Will+}
rPois   .            (helmet restricted)
rElec   .            (no cloak)
rCorr   .            (gloves unavailable)
SInv    +            (boots unavailable)
Will    +....        (no amulet) Stlth
                     f - ring of see invisible
HPRegen 1.17/turn    (no ring)
MPRegen 0.10/turn

%: no passive effects
@: berserking, very quick
A: large, unfitting armour, claws 3, regeneration 1, shaggy fur 1, tough skin 1
a: Renounce Religion, Berserk, Trog's Hand


You were on level 4 of the Dungeon.
You worshipped Trog.
Trog was pleased with you.
You visited 1 branch of the dungeon, and saw 4 of its levels.
You also visited: Sewer.

You collected 146 gold pieces.
You spent 24 gold pieces at shops.

Inventory:

Hand Weapons
 a - a +0 mace (weapon)
 C - a +0 giant spiked club
Missiles
 n - 3 boomerangs
 w - 9 poisoned darts (quivered)
Armour
 p - the +1 robe "Awothos" (worn) {Will+}
   (You found it on level 2 of the Dungeon)

   Will:      It increases your willpower.
Jewellery
 f - a ring of see invisible (left claw)
Scrolls
 g - 3 scrolls of blinking {unknown}
 h - 2 scrolls of immolation
 i - a scroll of noise {unknown}
 k - a scroll of enchant weapon {unknown}
 l - a scroll of poison {unknown}
 o - a scroll of brand weapon {unknown}
 q - a scroll of magic mapping
 s - a scroll of butterflies {unknown}
 u - a scroll of enchant armour {unknown}
 v - a scroll of fog {unknown}
 y - 2 scrolls of identify
 A - a scroll of teleportation {unknown}
Potions
 b - 2 potions of heal wounds {unknown}
 c - a potion of haste {unknown}
 d - a potion of invisibility
 e - a potion of might
 j - 2 potions of degeneration {unknown}
 m - 2 potions of berserk rage {unknown}
 r - a potion of mutation {unknown}
 t - a potion of cancellation {unknown}
 x - a potion of flight {unknown}
 z - a potion of curing {unknown}
 B - a potion of lignification {unknown}
 D - a potion of resistance {unknown}


   Skills:
 + Level 4.3 Fighting
 * Level 6.3 Maces & Flails
 - Level 2.4 Dodging


You had 6 spell levels left.
You didn't know any spells.
Your spell library was empty.

Dungeon Overview and Level Annotations

Branches:
Dungeon (4/15)              Sewer (visited)
 Temple: D:4-7

Altars:
Dithmenos

Shops:
D:2 ?   D:3 *

Annotations:
D:4 Pikel


Innate Abilities, Weirdness & Mutations

You are too large for most types of armour.
You have claws for hands.
Your natural rate of healing is unusually fast.
You are covered in fur. (AC +1)
You have tough skin. (AC +1)


Message History

Pikel says, "You'll burn in Gehenna!"
Pikel hits you with a +2 whip of freezing!
Pikel freezes you.
You hit Pikel.
Pikel is almost dead.
Pikel hits you with a +2 whip of freezing.
Pikel freezes you.
You hit Pikel but do no damage.
Pikel is almost dead.
Pikel looks more healthy.
Pikel hits you with a +2 whip of freezing.
Pikel freezes you.
* * * LOW HITPOINT WARNING * * *
You barely miss Pikel.
Pikel is almost dead.
Pikel closely misses you.
You barely miss Pikel.
Pikel is almost dead.
Pikel hits you with a +2 whip of freezing.
* * * LOW HITPOINT WARNING * * *
Pikel freezes you.
* * * LOW HITPOINT WARNING * * *
You closely miss Pikel.
Pikel is almost dead.
Pikel hits you with a +2 whip of freezing!
* * * LOW HITPOINT WARNING * * *
Pikel freezes you.
* * * LOW HITPOINT WARNING * * *
A red film seems to cover your vision as you go berserk!
You feel yourself moving faster!
You feel mighty! Pikel closely misses you.
You miss Pikel.
Pikel is almost dead.
Pikel hits you with a +2 whip of freezing.
* * * LOW HITPOINT WARNING * * *
Pikel freezes you.
* * * LOW HITPOINT WARNING * * *
You barely miss Pikel.
Pikel is almost dead.
Pikel hits you with a +2 whip of freezing!
You die...

###..####..............#..##..
##.........############....#._.
##.....>...### ##†..##..
#.......)....# ##...##.
#............## ##.....
#..$..(((((...# ##..##
##..........#.### #####.....
##...#...#..5K.# #.....##..
...#.....####.#@# ###.#####...
........... #.#.#####...# #.....
............ #.#.......#####.#...
5...........##.......#...........
...........#....########...##...
....# #........##.. #....#
#........#... .....#
#........#... ##....#
#........#...


You could see Pikel and a lemure.

Vanquished Creatures
  Sigmund (D:2)
  Pargi (Sewer)
  An ogre (D:4)
  2 lemures (D:4)
  An orc priest (D:4)
  Jessica (D:2)
  Terence (D:2)
  7 adders
  2 worms (D:3)
  4 dart slugs
  3 orcs (D:4)
  11 ball pythons
  2 bats (D:1)
  4 endoplasms
  5 giant cockroaches
  5 goblins
  8 hobgoblins
  3 quokkas
  7 frilled lizards
  14 kobolds
  2 rats (D:3)
85 creatures vanquished.

Notes
Turn   | Place    | Note
-------+----------+-------------------------------------------
     0 | D:1      | ElMinstaer the Troll Berserker began the quest for the Orb.
     0 | D:1      | Reached XP level 1. HP: 22/22 MP: 0/0
   127 | D:1      | Reached skill level 3 in Maces & Flails
   132 | D:1      | Reached XP level 2. HP: 29/29 MP: 1/1
   580 | D:1      | Reached XP level 3. HP: 36/36 MP: 2/2
   735 | D:2      | Found a faded altar of an unknown god.
   788 | D:2      | Found Kugol's Magic Scroll Shoppe.
   796 | D:2      | Reached ** piety under Trog
   805 | D:2      | Bought a scroll of identify for 24 gold pieces
   840 | D:2      | Noticed Terence
   862 | D:2      | Killed Terence
   863 | D:2      | Reached skill level 4 in Maces & Flails
   896 | D:2      | Reached XP level 4. HP: 45/45 MP: 3/3
   904 | D:2      | Noticed Sigmund
   922 | D:2      | Killed Sigmund
   923 | D:2      | Reached skill level 5 in Maces & Flails
   923 | D:2      | Reached XP level 5. HP: 53/53 MP: 4/4
   956 | D:2      | Noticed Jessica
   967 | D:2      | Killed Jessica
  1085 | D:2      | Reached XP level 6. HP: 62/62 MP: 5/5
  1347 | D:2      | Identified the +1 robe "Awothos" {Will+}
  1449 | D:3      | Found Faczan's General Store.
  1502 | D:3      | Found a glowing drain.
  1527 | Sewer    | Entered a sewer
  1602 | Sewer    | Noticed Pargi
  1615 | Sewer    | Killed Pargi
  2240 | D:4      | Reached skill level 6 in Maces & Flails
  2240 | D:4      | Reached XP level 7. HP: 70/70 MP: 6/6
  2299 | D:4      | Found a shadowy altar of Dithmenos.
  2479 | D:4      | Noticed Pikel
  2503 | D:4      | Slain by Pikel

Illustrated notes

Levels and vault maps discovered:
D:1:      saegor_arrival_simple_b, layout_basic
D:2:      layout_basic, nicolae_ecumenical_oubliette, serial_shops, shop,
          uniq_terence, uniq_jessica, uniq_sigmund
D:3:      layout_rooms, cheibrodos_sewer_entry_bend, serial_shops, shop,
          st_stairs_2
D:4:      layout_rooms, nicolae_dithmenos_through_a_glass_darkly, uniq_pikel

Skill      XL: |  1  2  3  4  5  6 |
---------------+-------------------+-----
Maces & Flails | 3 4 5 6 |  6.3
Fighting       | 3 4 |  4.3
Dodging        | |  2.4

Action                     |  1- 3 |  4- 6 |  7- 9 || total
---------------------------+-------+-------+-------++-------
  Melee: Mace              |    86 |   167 |    62 ||   315
         Punch             |       |     2 |     3 ||     5
  Throw: Boomerang         |       |     2 |       ||     2
         Dart              |       |     1 |     5 ||     6
 Invoke: Berserk           |     1 |     5 |     1 ||     7
    Use: Scroll            |     4 |     1 |       ||     5
 Armour: Animal skin       |    32 |    25 |       ||    57
         Robe              |       |    55 |    12 ||    67
  Dodge: Dodged            |    44 |   116 |    21 ||   181
